Map: Lerilak Crest

Players

Lqd - Winner!

  • Race: Zerg Zerg
  • League: Diamond

LilDicky

  • Race: Terran Terran
  • League: Diamond

VOD

http://www.twitch.tv/tumescentpie

Description

Time

  • Played on: Dec. 1, 2015, 2:49 p.m.
  • Length: 14:33
Show
View Real Time Build Order
Export as new Build Order

Lqd Zerg - Winner!

Build Orders: Hatch First, Muta Ling Bane 

Get SALT Encoding   

  12  0:01  Drone  
  13  0:08  Drone  
  14  0:18  Overlord  
  14  0:37  Drone x3  
  17  0:49  Drone  
  18  0:58  Hatchery  
  18  0:59  Drone  
  18  1:03  Extractor  
  17  1:10  Drone  
  18  1:19  Spawning Pool  
  18  1:25  Drone  
  18  1:36  Drone  
  19  1:46  Drone  
  20  1:54  Overlord  
  20  2:05  Drone  
  20  2:06  Metabolic Boost  
  21  2:09  Queen  
  21  2:10  Queen  
  25  2:17  Zergling x2  
  25  2:18  Zergling x2  
  27  2:26  Zergling x4  
  29  3:02  Drone x3  
  29  3:04  Drone x3  
  34  3:13  Overlord  
  34  3:27  Overlord  
  34  3:29  Drone  
  34  3:34  Hatchery  
  34  3:54  Drone x3  
  37  4:00  Drone x2  
  37  4:01  Drone x2  
  41  4:03  Lair  
  41  4:06  Extractor  
  40  4:13  Queen  
  40  4:15  Overlord x2  
  42  4:18  Drone x2, Extractor  
  42  4:19  Drone, Extractor  
  42  4:39  Zergling x2  
  42  4:40  Zergling x16  
  49  5:04  Drone x2, Spire  
  49  5:05  Queen  
  44  5:25  Hatchery  
  42  5:28  Drone  
  42  5:29  Drone x2  
  42  5:31  Drone  
  42  5:32  Drone x4  
  50  5:36  Drone x3  
  50  5:40  Zergling x2  
  50  5:41  Zergling x14  
  61  6:07  Drone  
  61  6:08  Drone x11, Extractor x2  
  64  6:31  Mutalisk  
  64  6:32  Mutalisk x4  
  69  6:34  Overlord x2  
  69  6:36  Zerg Flyer Weapons Level 1  
  69  6:39  Queen  
  75  6:44  Zergling x10  
  80  6:54  Drone  
  81  7:00  Drone x6  
  81  7:01  Drone x4  
  91  7:18  Zergling x2  
  91  7:19  Zergling x8  
  96  7:23  Overlord x3  
  96  7:47  Zergling x20  
  96  7:48  Mutalisk x6, Zergling x6  
  96  7:49  Baneling Nest  
  116  8:09  Spine Crawler  
  78  8:25  Zergling x2  
  78  8:26  Zergling x28  
  65  8:36  Zergling x4  
  62  8:57  Zergling x12  
  66  9:13  Drone  
  66  9:14  Drone x9  
  76  9:22  Hatchery  
  75  9:30  Centrifical Hooks  
  75  9:42  Zergling x8  
  75  9:43  Zergling x4  
  78  9:49  Mutalisk x6, Extractor  
  78  9:50  Mutalisk x2  
  78  9:52  Extractor  
  90  10:27  Overlord x2  
  81  11:00  Drone x3  
  81  11:01  Drone x2  
  81  11:02  Drone  
  87  11:18  Spire  
  86  11:22  Drone x3  
  86  11:23  Drone x3  
  92  11:31  Spawning Pool  
  92  11:32  Drone x2  
  93  11:33  Drone  
  94  11:42  Evolution Chamber  
  94  11:44  Evolution Chamber  
  92  11:48  Overlord x2  
  85  12:17  Drone  
  85  12:18  Drone x2  
  85  12:22  Queen  
  88  12:25  Queen  
  88  12:26  Drone  
  88  12:27  Drone  
  88  12:29  Mutalisk x11  
  94  12:30  Mutalisk x10  
  94  12:33  Overlord x3  
  94  12:35  Drone  
  135  12:49  Overlord x2  
  135  13:01  Overseer  
  135  13:02  Pneumatized Carapace  
  135  13:09  Zergling x24  
  135  13:10  Zergling x6  
  150  13:24  Baneling x5  
  121  14:10  Zergling x6  
  121  14:11  Zergling x40  
Show
View Real Time Build Order
Export as new Build Order

LilDicky Terran 

Build Orders: Bio Tank 

Get SALT Encoding   

  12  0:01  SCV  
  13  0:13  SCV  
  14  0:18  Supply Depot  
  14  0:25  SCV  
  15  0:34  Refinery  
  15  0:39  SCV  
  16  0:51  SCV  
  17  0:57  Barracks  
  17  1:03  SCV  
  18  1:15  SCV  
  19  1:28  SCV  
  20  1:40  SCV  
  21  1:47  Supply Depot  
  21  1:48  Reaper  
  21  1:52  SCV  
  23  2:06  Orbital Command  
  23  2:10  Engineering Bay  
  23  2:16  Command Center  
  23  2:26  Factory  
  23  2:32  Barracks Tech Lab  
  23  2:33  SCV  
  24  2:49  SCV  
  25  3:01  SCV  
  25  3:13  SCV  
  25  3:15  Barracks Reactor  
  25  3:16  Command Center  
  25  3:17  Siege Tank  
  29  3:23  Refinery  
  29  3:25  SCV  
  29  3:37  SCV  
  29  3:38  Command Center  
  30  3:50  SCV  
  31  3:58  Siege Tank, Marine x2  
  31  4:02  SCV  
  37  4:14  SCV  
  37  4:16  Marine  
  39  4:19  Barracks x3  
  39  4:28  Marine  
  40  4:35  Siege Tank  
  40  4:37  SCV  
  42  4:48  SCV  
  43  5:00  Command Center  
  43  5:04  SCV  
  45  5:08  Orbital Command  
  40  5:18  Orbital Command  
  40  5:21  SCV  
  37  5:23  Marine x2  
  37  5:24  Siege Tank  
  42  5:31  Barracks Tech Lab x2  
  42  5:33  SCV  
  43  5:36  SCV  
  44  5:43  Marine x2  
  44  5:44  Marine  
  47  5:50  Refinery  
  47  5:54  Refinery  
  47  5:55  SCV  
  48  6:02  Supply Depot  
  48  6:03  SCV  
  49  6:05  Stimpack  
  49  6:09  Combat Shields  
  49  6:11  SCV  
  49  6:14  Marine x2  
  49  6:15  Marine  
  53  6:19  Orbital Command  
  53  6:20  Marine  
  53  6:30  Marine  
  53  6:31  Marine  
  55  6:33  Marine x2  
  55  6:34  Siege Tank  
  60  6:40  SCV x3  
  63  6:48  Starport  
  63  6:50  Marine x2  
  63  6:51  Marauder  
  63  6:52  SCV x2  
  63  6:53  SCV  
  63  6:54  Orbital Command  
  71  6:57  Marine  
  71  7:00  Supply Depot  
  72  7:01  Barracks Reactor  
  72  7:07  Marine  
  72  7:08  Marine  
  73  7:09  SCV x2  
  73  7:12  Marine  
  73  7:15  Marine  
  77  7:16  Supply Depot  
  77  7:17  SCV  
  77  7:21  SCV x2  
  81  7:22  SCV  
  81  7:25  Marine  
  82  7:30  SCV  
  82  7:33  Engineering Bay  
  80  7:39  Marine x2  
  81  7:46  Marine x2  
  81  7:47  Marauder x2  
  87  7:52  Medivac  
  87  7:55  SCV x2  
  87  7:57  Engineering Bay, Marine x2  
  93  8:04  Marine x2  
  95  8:08  Marine x2  
  92  8:15  Marine  
  92  8:16  Marine  
  93  8:22  Marine x2  
  93  8:26  Marine x2  
  89  8:32  Marine  
  89  8:34  Marine  
  91  8:35  Medivac  
  91  8:40  Marine x2  
  95  8:43  Marine  
  95  8:44  Marine  
  94  8:50  Marine  
  94  8:51  Marine  
  82  8:57  Marine  
  82  8:58  Marine  
  83  9:05  Medivac  
  83  9:08  Siege Tank, Marine  
  88  9:12  Missile Turret x2  
  88  9:17  Missile Turret x2  
  88  9:22  Missile Turret  
  88  9:23  Marine x2  
  90  9:29  Marine x3  
  93  9:32  Supply Depot  
  93  9:35  Marine  
  94  9:38  Terran Infantry Weapons Level 1  
  85  9:49  Starport  
  82  9:59  Command Center  
  79  10:12  Marine x5  
  79  10:13  Marauder  
  84  10:20  Siege Tank  
  84  10:21  Medivac  
  89  10:29  Marine  
  89  10:30  Marine  
  89  10:31  Marauder  
  89  10:34  Marauder  
  87  10:38  Marine  
  87  10:39  Marine  
  82  10:51  Medivac  
  82  10:52  Siege Tank  
  82  10:55  Marine  
  84  10:58  Marine  
  84  10:59  Marine  
  86  11:08  Marine x3  
  79  11:13  Marine  
  79  11:14  Armory  
  79  11:15  Terran Infantry Armor Level 1  
  79  11:16  Marine  
  81  11:19  Planetary Fortress  
  81  11:20  Missile Turret  
  81  11:22  Marine  
  81  11:24  Medivac  
  84  11:26  Starport Reactor, Marine x2  
  84  11:27  Marauder  
  84  11:30  Starport  
  84  11:31  Marine  
  89  11:35  Barracks x2, Marine  
  89  11:36  Barracks  
  89  11:39  Marine  
  90  11:40  Missile Turret  
  90  11:44  Marine  
  90  11:45  Marauder  
  94  11:48  Marine, Marauder  
  94  11:53  SCV x2  
  94  11:54  Missile Turret, Medivac  
  101  11:57  Marine x2  
  101  11:59  Concussive Shells  
  97  12:06  Marauder  
  84  12:11  Marine x3  
  84  12:12  SCV x2  
  84  12:15  Marine x2  
  83  12:17  Medivac x2  
  83  12:19  SCV  
  83  12:20  SCV  
  83  12:22  Command Center  
  83  12:24  Medivac  
  83  12:27  Supply Depot x2, Marine  
  83  12:28  Marine  
  83  12:29  Marine x2  
  89  12:32  Missile Turret  
  89  12:33  Marine x2  
  91  12:38  Marine x3  
  91  12:39  Missile Turret  
  91  12:40  Missile Turret  
  91  12:43  SCV x2  
  96  12:45  Marine  
  96  12:46  Marine x2  
  96  12:47  Medivac x2, Marine  
  96  12:50  Marine  
  96  12:51  Starport Tech Lab, Marine  
  106  12:56  Marine x3  
  109  13:01  Refinery  
  109  13:02  Marine  
  109  13:04  Marine x3  
  113  13:06  Refinery  
  113  13:08  Marine x2  
  115  13:14  Marine x2  
  116  13:21  Marauder  
  116  13:23  Marauder  
  120  13:33  Marine x7  
  117  13:36  Missile Turret  
  117  13:42  Marine  
  117  13:44  Marine  
  84  13:50  Marine x2  
  84  13:51  Marine x5  
  84  13:55  Medivac x3  
  79  13:56  Medivac  
  79  13:59  Marine  
  79  14:01  Marine  
  79  14:02  Missile Turret  
  82  14:08  Marine x2  
  82  14:09  Marine x5  
Tags
 
Add a new tag
Caveats
  • Supply blocks, unpowered buildings, or Contaminate may cause inaccurate times.
  • Supply counts are checked every 10 seconds.